 Dungeon Crawl Stone Soup version 0.21-a0-104-g7b58145 (webtiles) character file.

1329 Charly the Sneak (level 8, -5/58 HPs)
             Began as a Demonspawn Chaos Knight on July 6, 2017.
             Slain by a worker ant (7 damage)
             ... on level 6 of the Dungeon.
             The game lasted 00:28:10 (2862 turns).

Charly the Sneak (Demonspawn Chaos Knight)          Turns: 2862, Time: 00:28:10

Health: -5/58      AC:  5    Str: 13    XL:     8   Next: 34%
Magic:  8/8        EV: 13    Int: 14    God:    Xom [.*....]
Gold:   210        SH:  4    Dex: 16    Spells: 7/7 levels left

rFire    + . .     SeeInvis .   a - +0 mace (chaos)
rCold    + . .     Gourm    .   (no shield)
rNeg     . . .     Faith    .   x - +2 leather armour
rPois    +         Spirit   .   (helmet restricted)
rElec    +         Reflect  .   (no cloak)
rCorr    +         Harm     .   (no gloves)
MR       .....                  (no boots)
Stlth    ++++++....             (no amulet)
HPRegen  0.19/turn              (no ring)
MPRegen  0.11/turn              k - ring of stealth

@: resistant
A: horns 1, large bone plates 1, agile 1, blurry vision 1, deterioration 2,
nightstalker 2
a: Renounce Religion


You were on level 6 of the Dungeon.
You worshipped Xom.
You were a plaything of Xom.
You were very hungry.

You visited 1 branch of the dungeon, and saw 7 of its levels.

You collected 210 gold pieces.

Inventory:

Hand Weapons
 a - a +0 mace of chaos (weapon)
 b - a +0 dagger
Missiles
 f - 8 poisoned needles
Armour
 u - the cursed -4 helmet "Noca" {rElec rF- SInv, unknown}
   (You found it on level 5 of the Dungeon)

   It makes you vulnerable to fire.
   It insulates you from electricity.
   It lets you see invisible.
   It has a curse placed upon it.
 x - a +2 leather armour (worn)
 C - +0 gold dragon scales
 D - a +3 leather armour of poison resistance
Jewellery
 j - an uncursed ring of magical power
 k - a ring of stealth (right hand)
Wands
 w - a wand of polymorph (5/24)
 z - a wand of iceblast (3/15)
 B - a wand of flame (21/48)
Scrolls
 d - 2 scrolls of noise
 e - 2 scrolls of enchant armour {unknown}
 h - 2 scrolls of random uselessness {unknown}
 i - a scroll of blinking {unknown}
 l - 2 scrolls of remove curse
 m - 2 scrolls of amnesia {unknown}
 n - 2 scrolls of fog {unknown}
 q - 2 scrolls of magic mapping {unknown}
 s - a scroll of immolation {unknown}
 v - a scroll of teleportation {unknown}
 y - a scroll of recharging {unknown}
Potions
 p - a potion of haste
 r - a potion of brilliance
 A - a potion of mutation {unknown}
Comestibles
 c - 3 bread rations
 g - 5 meat rations


   Skills:
 - Level 3.3 Fighting
 + Level 2.0 Short Blades
 - Level 6.4 Maces & Flails
 - Level 1.7 Armour
 + Level 2.8 Dodging
 + Level 6.5 Stealth


You had 7 spell levels left.
You didn't know any spells.

Dungeon Overview and Level Annotations

Branches:
Dungeon (7/15)
 Temple: D:4-7

Altars:
Hepliaklqana
Makhleb
Okawaru
Ru
Uskayaw
Yredelemnul
The Shining One


Innate Abilities, Weirdness & Mutations

You have a pair of small horns on your head.
You are partially covered in large bone plates. (SH +4)
You are significantly more attuned to the shadows.
You are agile. (Dex +2)
Scrolls take you a little longer to read.
Your body often deteriorates upon taking damage.


Message History

You headbutt the worker ant, but do no damage.
The worker ant is severely wounded.
You block the worker ant's attack. The worker ant bites you.
* * * LOW HITPOINT WARNING * * *
Unknown command.
Unknown command.
You feel better.
The worker ant bites you but does no damage. x2
You hit the worker ant.
The worker ant is poisoned.
The worker ant is severely wounded.
You kill the worker ant!
The worker ant barely misses you.
Unknown command.
The worker ant bites you!
* * * LOW HITPOINT WARNING * * *
You see here a worker ant corpse.
It was a potion of resistance.
You feel protected. The worker ant bites you!
You die...

#####.###
#.......
#..§(.#
####...#
#.##### #####
#.# #. #.# #.
#.# #. #.# #.
#.# #. #@# #.
#a# ###. #o#
#... #[# ##...
#.# ##..#. #.#
#########...#†
#.#
#......##.....
#.#
#..........###
#.#
#..(.....### #


You could see a worker ant and an orc.

Vanquished Creatures
  Eustachio (D:6)
  An ogre (D:5)
  A phantom (D:5)
  A howler monkey (D:7)
  A crimson imp (D:6)
  A hound (D:6)
  2 bullfrog skeletons (D:5)
  A jelly (D:5)
  An orc priest (D:4)
  4 orc wizards
  An iguana (D:6)
  3 worker ants
  Ijyb (D:4)
  Robin (D:2)
  4 adders
  2 shadow imps (D:5)
  A worm (D:2)
  A dart slug (D:4)
  5 leopard geckos
  11 orcs
  A ball python (D:3)
  A giant cockroach (D:3)
  17 goblins
  7 hobgoblins
  A quokka (D:7)
  4 bats
  3 kobolds
  3 rats
81 creatures vanquished.

Vanquished Creatures (collateral kills)
  Pikel (D:6)
  Menkaure (D:6)
  Duvessa (D:6)
  A bullfrog (D:6)
  A worker ant (D:6)
  A shadow imp (D:6)
6 creatures vanquished.

Vanquished Creatures (others)
  Sigmund (D:6)
  2 slaves (D:6)
  Dowan (D:6)
  A worker ant (D:6)
5 creatures vanquished.

Grand Total: 92 creatures vanquished

Notes
Turn   | Place    | Note
-------+----------+-------------------------------------------
     0 | D:1      | Charly the Demonspawn Chaos Knight began the quest for the Orb.
     0 | D:1      | Reached XP level 1. HP: 18/18 MP: 1/1
   269 | D:2      | Gained mutation: You are partially covered in large bone plates. (SH +4) [demonic ancestry]
   269 | D:2      | Reached XP level 2. HP: 24/24 MP: 2/2
   302 | D:2      | Found a glowing golden altar of the Shining One.
   544 | D:2      | Noticed Robin
   557 | D:2      | XOM: potion effect (berserk rage)
   562 | D:2      | XOM: confusion (+ monsters)
   577 | D:2      | XOM: potion effect (might)
   583 | D:2      | Killed Robin
   583 | D:2      | Gained mutation: You are slightly more attuned to the shadows. [demonic ancestry]
   583 | D:2      | Reached XP level 3. HP: 20/29 MP: 3/3
   625 | D:2      | Found a basalt altar of Yredelemnul.
   731 | D:2      | XOM: mild Tloc miscast
  1056 | D:3      | XOM: harmless Pois miscast
  1075 | D:3      | Found a sacrificial altar of Ru.
  1138 | D:4      | XOM: noise
  1149 | D:5      | Entered Level 5 of the Dungeon
  1264 | D:5      | Noticed a phantom
  1265 | D:5      | XOM: potion effect (heal wounds)
  1265 | D:5      | Gained mutation: You have a pair of small horns on your head. [demonic ancestry]
  1265 | D:5      | Reached XP level 4. HP: 35/35 MP: 4/4
  1467 | D:5      | Got a distressingly furry helmet
  1496 | D:5      | Noticed an ogre
  1505 | D:5      | XOM: potion effect (haste)
  1507 | D:5      | XOM: potion effect (curing)
  1508 | D:5      | XOM: potion effect (haste)
  1514 | D:5      | XOM: potion effect (brilliance)
  1517 | D:5      | XOM: potion effect (brilliance)
  1519 | D:5      | Killed an ogre
  1519 | D:5      | Reached skill level 5 in Maces & Flails
  1519 | D:5      | Gained mutation: You are significantly more attuned to the shadows. [demonic ancestry]
  1519 | D:5      | Reached XP level 5. HP: 40/41 MP: 5/5
  1564 | D:5      | XOM: divination: detect creatures
  1566 | D:5      | XOM: potion effect (brilliance)
  1571 | D:5      | XOM: potion effect (invisibility)
  1577 | D:5      | Killed a phantom
  1586 | D:5      | Reached XP level 6. HP: 35/47 MP: 6/6
  1604 | D:5      | Found an iron altar of Okawaru.
  1759 | D:5      | Reached skill level 1 in Dodging
  1766 | D:6      | Noticed Menkaure
  1786 | D:6      | Noticed Eustachio
  1832 | D:5      | XOM: harmless Ice miscast
  1876 | D:5      | XOM: 2-stop teleportation journey
  1935 | D:4      | Noticed an orc warrior
  1937 | D:4      | XOM: enchant monster (good)
  1966 | D:4      | Reached skill level 1 in Stealth
  1970 | D:4      | XOM: divination: detect items
  1984 | D:4      | XOM: harmless Chrm miscast
  2296 | D:4      | Reached XP level 7. HP: 15/52 MP: 7/7
  2348 | D:4      | Noticed Ijyb
  2377 | D:4      | Killed Ijyb
  2501 | D:6      | Found a hazy altar of Hepliaklqana.
  2518 | D:6      | XOM: divination: detect creatures
  2521 | D:6      | XOM: divination: detect creatures
  2526 | D:6      | XOM: potion effect (haste)
  2527 | D:6      | XOM: fog
  2529 | D:6      | XOM: confuse monster(s)
  2532 | D:6      | XOM: god gift: gold dragon scales {god gift}
  2550 | D:6      | Killed Eustachio
  2574 | D:6      | Noticed Pikel
  2577 | D:6      | Noticed Dowan
  2578 | D:6      | Noticed Duvessa
  2578 | D:6      | Noticed Sigmund
  2591 | D:6      | Killed Pikel
  2598 | D:6      | Killed Dowan
  2601 | D:6      | Killed Sigmund
  2612 | D:6      | Killed Duvessa
  2612 | D:6      | Reached XP level 8. HP: 16/58 MP: 8/8
  2661 | D:6      | Found a burning altar of Makhleb.
  2685 | D:6      | Killed Menkaure
  2685 | D:6      | Reached skill level 1 in Short Blades
  2719 | D:6      | HP: 1/58 [worker ant (6)]
  2764 | D:6      | Noticed a hand axe
  2765 | D:6      | Noticed a hand axe
  2765 | D:6      | Found a hide-covered altar of Uskayaw.
  2803 | D:6      | XOM: give mutations
  2803 | D:6      | Gained mutation: Scrolls take you a little longer to read. [Xom's mischief]
  2803 | D:6      | Gained mutation: Your body sometimes deteriorates upon taking damage. [Xom's mischief]
  2803 | D:6      | Gained mutation: Your body often deteriorates upon taking damage. [Xom's mischief]
  2803 | D:6      | Gained mutation: You are agile. (Dex +2) [Xom's mischief]
  2820 | D:6      | XOM: blink monster(s)
  2861 | D:6      | HP: 2/58 [worker ant (7)]
  2862 | D:6      | Slain by a worker ant

Vault maps used:
D:1:      matt_arrival_spirals
D:2:      lemuel_coloured_pillars_altar, tso_metal_star,
          nicolae_ashenzari_panopticon, uniq_robin
D:3:      nicolae_overflow_crystal_walls, kennysheep_generic_room_5
D:4:      kennysheep_the_goblin_king, kennysheep_little_box
D:5:      cheibrodos_iron_armory, okawaru_ov_weapons_minmay, first_bread
D:6:      old_standard_altar, dancing_weapons_uskayaw, basic_altar,
          uniq_menkaure, uniq_duvessa, uniq_pikel, uniq_sigmund, uniq_eustachio
D:7:      minmay_temple_entry_junction_2

Skill      XL: |  1  2  3  4  5  6  7  8 |
---------------+-------------------------+-----
Maces & Flails | 3 4 5 6 |  6.4
Dodging        | 1 2 |  2.8
Stealth        | 2 6 |  6.5
Short Blades   | 2 |  2.0
Fighting       | |  3.3
Armour         | |  1.7

Action                   |  1- 3 |  4- 6 |  7- 9 || total
-------------------------+-------+-------+-------++-------
Melee: Mace              |    90 |   142 |    65 ||   297
       Headbutt          |       |    20 |    16 ||    36
       Dagger            |       |     8 |    11 ||    19
       Unarmed           |       |       |     6 ||     6
Evoke: Wand              |       |       |     1 ||     1
  Use: Potion            |     1 |     1 |     5 ||     7
       Scroll            |     4 |       |     2 ||     6
 Stab: Sleeping          |     3 |     6 |     2 ||    11
       Invisible         |       |     3 |       ||     3
       Confused          |       |       |     1 ||     1
  Eat: Fruit             |     4 |       |       ||     4
       Chunk             |       |     1 |     1 ||     2
Armor: Leather armour    |    30 |    20 |    22 ||    72
       Skin              |    21 |       |       ||    21
Dodge: Dodged            |    40 |    54 |    47 ||   141
Block: Other             |     3 |    11 |    17 ||    31
